 Dungeon Crawl Stone Soup version 0.30-a0-651-g0755cc6dcf (webtiles) character file.

Game seed: 2510047691748099950

9 Decipherer the Trooper (level 2, 0/19 HPs)
             Began as a Gargoyle Berserker on Jan 18, 2023.
             Was a Follower of Trog.
             Slain by a quokka (2 damage)
             ... on level 1 of the Dungeon.
             The game lasted 00:00:28 (133 turns).

Decipherer the Trooper (Gargoyle Berserker)          Turns: 133, Time: 00:00:28

Health: 0/19       AC:  5    Str: 20    XL:     2   Next: 12%
Magic:  2/2        EV: 11    Int:  7    God:    Trog [*.....]
Gold:   0          SH:  0    Dex:  9    Spells: 1/1 levels left

rFire   . . .      SeeInvis .    a - +0 spear
rCold   . . .      Faith    .    (no shield)
rNeg    + . .      Spirit   .    b - +0 animal skin
rPois   ∞          Reflect  .    (no helmet)
rElec   +          Harm     .    (no cloak)
rCorr   .          Rampage  .    (no gloves)
Will    .....                    (no boots)
Stlth   +                        (no amulet)
HPRegen 0.23/turn                (no ring)
MPRegen 0.08/turn                (no ring)

@: brilliant, on berserk cooldown, flying, slowed, very slow
A: sickness immunity, AC +2, negative energy resistance 1, electricity
resistance, torment resistance 1, petrification resistance
a: Renounce Religion, Berserk


You were on level 1 of the Dungeon.
You worshipped Trog.
Trog was aware of your devotion.
You visited 1 branch of the dungeon, and saw 1 of its levels.

Inventory:

Hand Weapons
 a - a +0 spear (weapon)
Armour
 b - a +0 animal skin (worn)
Potions
 c - a potion of brilliance


   Skills:
 + Level 3.6 Fighting
 + Level 2.8 Polearms
 + Level 2.3 Armour
 + Level 1.6 Dodging


You had one spell level left.
You didn't know any spells.
Your spell library contained the following spells:

 Spells                   Type           Power      Damage    Failure   Level
 Hailstorm                Conj/Ice       0%         3d3       80%         3
 Ice Form                 Ice/Tmut       0%         N/A       99%         4
 Simulacrum               Ice/Necr       0%         N/A       100%        6


Dungeon Overview and Level Annotations

Branches:
Dungeon (1/15)

Altars:

Shops:
D:1 !


Innate Abilities, Weirdness & Mutations

You are immune to sickness and miasma.
Your stone body is resilient. (AC +2)
You are immune to poison.
You resist negative energy. (rN+)
You are resistant to electric shocks. (rElec)
You are resistant to unholy torment.
You are immune to petrification.


Message History

The hobgoblin shouts!
There is an open door, spattered with blood here.
You see here a hobgoblin corpse.
You feel a strong urge to attack something.
A dart slug and a quokka come into view.
You feel your anger nearly subside.
You are no longer berserk.
You are exhausted.
You feel yourself slow down.
Found Xualeh's Distillery.
You closely miss the hobgoblin. The hobgoblin closely misses you.
The hobgoblin barely misses you.
You hit the hobgoblin.
The hobgoblin is almost dead.
The hobgoblin hits you.
* * * LOW HITPOINT WARNING * * *
You closely miss the hobgoblin.
The hobgoblin is almost dead.
The hobgoblin hits you but does no damage.
The quokka bites you but does no damage.
The hobgoblin hits you.
* * * LOW HITPOINT WARNING * * *
You hit the hobgoblin.
You kill the hobgoblin!
Trog accepts your kill. The quokka barely misses you.
The quokka closely misses you.
You closely miss the quokka. The quokka misses you.
The quokka barely misses you.
You barely miss the quokka. The quokka bites you.
* * * LOW HITPOINT WARNING * * *
The dart slug barely misses you. The quokka bites you.
* * * LOW HITPOINT WARNING * * *
It was a potion of brilliance.
You feel clever all of a sudden. The quokka closely misses you.
The dart slug completely misses you.
The quokka bites you but does no damage.
The dart slug barely misses you.
It was a potion of flight.
You feel very buoyant.
You fly up into the air.
The quokka bites you.
You die...

+.......# #...........#
#.......####.######...#
#####'#>........ +...#
#.#.######## #...#
#####+#†### #...#
..........# #.†.#
..........# #.###
..........## ##.#
......†@...# #..#
......rw...# #.##
..........:# ##.#
...........######..#####
##...##.##..............
♣.... #.# ..#####'#####.
..⌠.⌠ #.# ..#PPP#.#PPP#.
♣..∩ ... ..#P⌠P#.#P⌠P#.
#.#PPP#.#PPP#.


You could see a dart slug and a quokka.

Vanquished Creatures
  An endoplasm (D:1)
  4 hobgoblins (D:1)
  2 ball pythons (D:1)
  A kobold (D:1)
8 creatures vanquished.

Notes
Turn   | Place    | Note
-------+----------+-------------------------------------------
     0 | D:1      | Decipherer the Gargoyle Berserker began the quest for the
                  | Orb.
     0 | D:1      | Reached XP level 1. HP: 14/14 MP: 1/1
   121 | D:1      | Reached XP level 2. HP: 8/19 MP: 2/2
   125 | D:1      | Found Xualeh's Distillery.
   133 | D:1      | Slain by a quokka

Illustrated notes

Levels and vault maps discovered:
D:1:      beargit_arrival_greenhouse, layout_basic, serial_shops,
          shop_fountains, serial_forest, infiniplex_forest_clump_double,
          infiniplex_forest_zigzag_2, infiniplex_forest_lined_ring,
          infiniplex_forest_lined_room_2, infiniplex_forest_split,
          infiniplex_forest_clump_curved, infiniplex_forest_end_1

Action                   || total
-------------------------++-------
Melee: Spear             ||    33
Invok: Berserk           ||     2
  Use: Potion            ||     2
 Stab: Sleeping          ||     1
Armor: Animal skin       ||    13
Dodge: Dodged            ||    19

Table legend: (Time is in decaauts)
 A = Elapsed time spent in this place.
 B = Non-inter-level travel time spent in this place.
 C = Inter-level travel time spent in this place.
 D = Time resting spent in this place.
 E = Time spent auto-exploring this place.
 F = Levels seen in this place.
 G = Mean time per level.
                   A        B        C        D        E       F      G
               +--------+--------+--------+--------+--------+-----+--------+
         Total |    150 |    150 |      0 |      0 |     83 |   1 |  150.0 |
       Dungeon |    150 |    150 |      0 |      0 |     83 |   1 |  150.0 |
               +--------+--------+--------+--------+--------+-----+--------+

Top non-repeatable levels by time:
     D:1: 150 daAuts
